 Dungeon Crawl Stone Soup version 0.24.0-13-gcf9b3192b9 (webtiles) character file.

Game seed: 618300335729786511, levelgen mode: deterministic

401706 GrandCleric the Slayer (level 22, 0/226 HPs)
             Began as a Minotaur Fighter on Nov 10, 2019.
             Was a High Priest of Okawaru.
             Slain by a spriggan defender
             ... wielding a +3 demon whip of electrocution
              (9 damage)
             ... while paralysed by a vampire knight
             ... on level 3 of the Depths.
             The game lasted 05:01:02 (45987 turns).

GrandCleric the Slayer (Minotaur Fighter)          Turns: 45987, Time: 05:01:02

Health: 0/226      AC: 33    Str: 33    XL:     22   Next: 57%
Magic:  31/32      EV:  2    Int: 12    God:    Okawaru [*****.]
Gold:   3766       SH:  0    Dex: 16    Spells: 21/21 levels left

rFire    + + .     SeeInvis .   l - +9 broad axe of Siehux {chop, *Noise rPois rC+ Int+4 Dex+4}
rCold    + + +     Gourm    .   c - +0 shield
rNeg     . . .     Faith    .   U - +0 gold dragon scales
rPois    +         Spirit   .   I - +0 hat
rElec    +         Reflect  +   D - scarf {repulsion}
rCorr    .         Harm     .   x - +2 pair of gloves
MR       +....     NoTele   +   o - +2 pair of boots {Stlth+}
Stlth    ..........             w - +2 amulet of reflection
HPRegen  0.47/turn              r - +6 ring of strength
MPRegen  0.23/turn              u - ring of Hodghen {-Tele rElec rF+ rC+ Int+3}

@: paralysed, heroism, repel missiles
A: retaliatory headbutt, horns 2, deterioration 1, weak 1
}: 1/15 runes: gossamer
a: Heroism, Finesse, Renounce Religion


You were on level 3 of the Depths.
You worshipped Okawaru.
Okawaru was extremely pleased with you.
You were not hungry.

You visited 8 branches of the dungeon, and saw 37 of its levels.
You also visited: Volcano.

You collected 5129 gold pieces.
You spent 1363 gold pieces at shops.

Inventory:

Hand Weapons
 l - the +9 broad axe of Siehux (weapon) {chop, *Noise rPois rC+ Int+4 Dex+4}
   (Okawaru gifted it to you on level 3 of the Lair of Beasts)

   It inflicts extra damage upon your enemies.
   It affects your intelligence (+4).
   It affects your dexterity (+4).
   It protects you from cold.
   It protects you from poison.
   It may make noises in combat.
 N - the +8 demon trident "Rift" {distort, reach+}
   (You found it on level 2 of the Depths)

   It warps and distorts space around it.
   Unwielding it can cause banishment or high damage.
Armour
 a - a +2 plate armour of poison resistance
 c - a +0 shield (worn)
 e - a +3 plate armour of cold resistance
 o - a +2 pair of boots of stealth (worn)
 x - a +2 pair of gloves (worn)
 D - a scarf of repulsion (worn)
 I - a +0 hat (worn)
 O - a +1 crystal plate armour
 Q - +3 fire dragon scales {Xtahua}
 R - +0 acid dragon scales
 S - a +3 plate armour of fire resistance
 U - +0 gold dragon scales (worn)
Jewellery
 k - a +5 ring of strength
 q - the ring "Zuwave" {Wiz rElec rF+ Int+3}
   (You took it off a centaur warrior on level 1 of the Vaults)

   [ring of wizardry]

   It improves your spell success rate.
   It affects your intelligence (+3).
   It protects you from fire.
   It insulates you from electricity.
 r - a +6 ring of strength (left hand)
 s - a cursed ring of teleportation {unknown}
 u - the ring of Hodghen (right hand) {-Tele rElec rF+ rC+ Int+3}
   (You found it on level 2 of the Vaults)

   [ring of protection from cold]

   It affects your intelligence (+3).
   It protects you from fire.
   It protects you from cold.
   It insulates you from electricity.
   It prevents most forms of teleportation.
 w - a +2 amulet of reflection (around neck)
 y - an uncursed ring of fire
 B - the ring of the Garden {*Slow rElec rPois Int+4 Dex+6}
   (You found it on level 3 of the Spider Nest)

   [ring of poison resistance]

   It affects your intelligence (+4).
   It affects your dexterity (+6).
   It insulates you from electricity.
   It protects you from poison.
   It may slow you when you take damage.
 X - the ring of Zetobor {rC++ MR- EV+4 Dex+4}
   (You acquired it on level 1 of the Spider Nest)

   [ring of evasion]

   It affects your evasion (+4).
   It affects your dexterity (+4).
   It greatly protects you from cold.
   It affects your resistance to hostile enchantments.
Wands
 g - a wand of iceblast (17)
 t - a wand of paralysis (13)
 F - a wand of polymorph (11)
 J - a wand of digging (3)
 K - a wand of disintegration (7)
 M - a wand of acid (4)
Scrolls
 b - 3 scrolls of holy word
 h - 15 scrolls of teleportation
 m - 10 scrolls of amnesia
 n - 4 scrolls of blinking
 p - 21 scrolls of remove curse
 A - 2 scrolls of magic mapping
 E - a scroll of summoning
 H - 7 scrolls of fear
 L - 8 scrolls of fog
 T - 13 scrolls of identify
 Y - 2 scrolls of enchant weapon
Potions
 d - 2 potions of haste
 i - 12 potions of curing
 j - 14 potions of heal wounds
 v - 9 potions of flight
 z - 7 potions of ambrosia
 C - 5 potions of invisibility
 G - a potion of resistance
 P - 2 potions of lignification
 V - 10 potions of agility
 W - a potion of brilliance
 Z - a potion of cancellation
Comestibles
 f - 49 rations


   Skills:
 - Level 25.0(27) Fighting
 - Level 18.3(23.3) Axes
 - Level 20.1(25.1) Armour
 - Level 20.3(25.3) Shields
 - Level 7.5 Invocations
 * Level 15.4 Evocations


You had 21 spell levels left.
You didn't know any spells.
Your spell library contained the following spells:

 Spells                   Type           Power        Failure   Level  Hunger
 Animate Skeleton         Necr           N/A          87%         1    ##.....
 Beastly Appendage        Tmut           #.....       87%         1    ##.....
 Confusing Touch          Hex            #.....       87%         1    ##.....
 Corona                   Hex            #......      87%         1    ##.....
 Freeze                   Ice            #...         87%         1    ##.....
 Magic Dart               Conj           #...         87%         1    ##.....
 Pain                     Necr           #...         87%         1    ##.....
 Sandblast                Erth           #.....       87%         1    ##.....
 Sting                    Conj/Pois      #...         87%         1    ##.....
 Summon Butterflies       Summ           #.......     87%         1    ##.....
 Summon Small Mammal      Summ           #...         87%         1    ##.....
 Blink                    Tloc           N/A          95%         2    ###....
 Call Imp                 Summ           #.......     95%         2    ###....
 Passwall                 Tmut/Erth      #.......     95%         2    ###....
 Poisonous Vapours        Pois/Air       #.....       95%         2    ###....
 Slow                     Hex            #.......     95%         2    ###....
 Sticks to Snakes         Tmut           #.......     95%         2    ###....
 Throw Frost              Conj/Ice       #.....       95%         2    ###....
 Call Canine Familiar     Summ           #.......     99%         3    ####...
 Confuse                  Hex            #.......     99%         3    ####...
 Conjure Flame            Conj/Fire      #.......     99%         3    ####...
 Gell's Gravitas          Tloc           #.........   99%         3    ####...
 Ignite Poison            Fire/Tmut/Pois #.......     99%         3    ####...
 Inner Flame              Hex/Fire       #.......     99%         3    ####...
 Mephitic Cloud           Conj/Pois/Air  #.......     99%         3    ####...
 Ozocubu's Armour         Chrm/Ice       #.......     99%         3    ####...
 Portal Projectile        Hex/Tloc       #.....       99%         3    ####...
 Recall                   Summ/Tloc      N/A          99%         3    ####...
 Regeneration             Chrm/Necr      #.........   99%         3    ####...
 Spider Form              Tmut/Pois      #.........   99%         3    ####...
 Stone Arrow              Conj/Erth      #.....       99%         3    ####...
 Summon Guardian Golem    Hex/Summ       #.......     99%         3    ####...
 Vampiric Draining        Necr           #.........   99%         3    ####...
 Animate Dead             Necr           N/A          100%        4    #####..
 Cause Fear               Hex            #.........   100%        4    #####..
 Force Lance              Conj/Tloc      #.......     100%        4    #####..
 Ice Form                 Ice/Tmut       #.......     100%        4    #####..
 Leda's Liquefaction      Hex/Erth       #.........   100%        4    #####..
 Olgreb's Toxic Radiance  Pois           #.......     100%        4    #####..
 Petrify                  Tmut/Erth      #.......     100%        4    #####..
 Summon Ice Beast         Ice/Summ       #.......     100%        4    #####..
 Summon Lightning Spire   Summ/Air       #.......     100%        4    #####..
 Throw Icicle             Conj/Ice       #.......     100%        4    #####..
 Alistair's Intoxication  Tmut/Pois      #.......     100%        5    ######.
 Aura of Abjuration       Summ           #.........   100%        5    ######.
 Blade Hands              Tmut           #.........   100%        5    ######.
 Bolt of Magma            Conj/Fire/Erth #.........   100%        5    ######.
 Irradiate                Conj/Tmut      #.........   100%        5    ######.
 Iskenderun's Battlesphe  Conj/Chrm      #.......     100%        5    ######.
 Lee's Rapid Deconstruct  Erth           #.........   100%        5    ######.
 Metabolic Englaciation   Hex/Ice        #.........   100%        5    ######.
 Silence                  Hex/Air        #.........   100%        5    ######.
 Summon Demon             Summ           #.........   100%        5    ######.
 Summon Forest            Summ/Tloc      #.........   100%        5    ######.
 Summon Mana Viper        Hex/Summ       #.......     100%        5    ######.
 Venom Bolt               Conj/Pois      #.........   100%        5    ######.
 Yara's Violent Unravell  Hex/Tmut       #.........   100%        5    ######.
 Deflect Missiles         Chrm/Air       #.........   100%        6    #######
 Dispersal                Tloc           #.........   100%        6    #######
 Iron Shot                Conj/Erth      #.........   100%        6    #######
 Shadow Creatures         Summ           N/A          100%        6    #######
 Statue Form              Tmut/Erth      #........    100%        6    #######
 Orb of Destruction       Conj           #.........   100%        7    #######
 Spellforged Servitor     Conj/Summ      #.........   100%        7    #######
 Summon Hydra             Summ           #.........   100%        7    #######
 Controlled Blink         Tloc           N/A          100%        8    #######
 Discord                  Hex            #.........   100%        8    #######
 Disjunction              Tloc           #.........   100%        8    #######


Dungeon Overview and Level Annotations

Branches:
Dungeon (15/15)            Temple (1/1) D:4            Lair (6/6) D:11
 Shoals (0/4) Lair:3       Spider (4/4) Lair:3        Slime (0/5) Lair:5
    Orc (2/2) D:11            Elf (2/3) Orc:2        Vaults (4/5) D:14
  Crypt (0/3) Vaults:2     Depths (3/5) D:15        Volcano (visited)

Altars:
Ashenzari
Cheibriados
Dithmenos
Elyvilon
Fedhas
Gozag
Hepliaklqana
Kikubaaqudgha
Makhleb
Nemelex Xobeh
Okawaru
Qazlal
Ru
Sif Muna
Trog
Uskayaw
Vehumet
Wu Jian
Xom
Yredelemnul
Zin
The Shining One
Jiyva

Shops:
D:7 %   D:10 *   Orc:2 *[*%   Elf:2 ?   Vaults:1 %[   Vaults:3 !
Depths:2 =}}=

Portals:
Hell: Depths:1 Depths:2 Depths:3
Pandemonium: Depths:3
Trove: Elf:1 (give +3 gold dragon scales)

Annotations:
Lair:3 exclusion: 2 oklob plants


Innate Abilities, Weirdness & Mutations

You reflexively headbutt those who attack you in melee.
You have a pair of horns on your head.
Your body sometimes deteriorates upon taking damage.
You are weak. (Str -2)


Message History

Something hits you but does no damage.
The vampire knight hits you with a +1 war axe of distortion!
You feel a strange sense of stasis.
The vampire knight bites you but does no damage.
Something hits you. Something hits you!!
* * * LOW HITPOINT WARNING * * *
The vampire knight hits you with a +1 war axe of distortion!!
* * * LOW HITPOINT WARNING * * *
You feel a strange sense of stasis. The vampire knight barely misses you.
Something hits you.
* * * LOW HITPOINT WARNING * * *
Something hits you!
* * * LOW HITPOINT WARNING * * *
The vampire knight hits you with a +1 war axe of distortion!
* * * LOW HITPOINT WARNING * * *
You feel a strange sense of stasis.
The vampire knight bites you but does no damage.
Something hits you!
You die...

...#÷).<..# ≈.. #.##
....[.)...# §..#
#...#. ###########
..##...... ### #####
#.....:.# ..# §§§≈§
##'.....# ..#
.§..##.#'...# ..# .
#...'#.#'..##.#. #†#
≈...#....'#{#V......
)†#
≈.##..(...'#@##...%
#[# .......<[.'## §≈
≈ '##
##'#'#.....##§#
#.####.#.###.(..%≈#
)..#......#')....≈#
.(#'#.>P⌠..#..##)≈#
.)[#..P8P.#'.#...≈#
#.#)#.⌠.>..#.#...≈#
...#......##..%..≈#


You could see a vampire knight.

Vanquished Creatures
  A juggernaut (Depths:2)
  Sojobo (Vaults:2)
  Bai Suzhen (Vaults:3)
  Xtahua (Vaults:3)
  The ghost of jlumianski the Warrior, a veteran KoBe of Trog (Vaults:1)
  3 golden dragons
  Jory (Vaults:2)
  Arachne (Spider:2)
  2 liches
  Jorgrun (Spider:3)
  3 tentacled monstrosities
  The ghost of Anosyof the Impaler, an adept CeHu of Okawaru (Vaults:2)
  4 sphinxes
  2 shadow dragons
  5 storm dragons
  8 tengu reavers
  Donald (Spider:2)
  Roxanne (Spider:4)
  7 fire giants
  11 vault wardens
  2 deep elf sorcerers
  8 frost giants
  10 ironheart preservers
  2 ghost moths
  3 orc warlords (Orc:2)
  7 emperor scorpions
  2 spriggan defenders
  14 very ugly things
  16 stone giants
  2 vampire knights (Depths:3)
  2 spark wasps
  2 dire elephants (Lair:6)
  12 ettins
  Snorg (D:10)
  3 deep elf death magi
  3 eidola (Vaults:1)
  11 fire dragons
  Josephine (D:10)
  6 ice dragons
  3 great orbs of eyes
  A quicksilver dragon zombie (Depths:1)
  11 vault guards
  13 yaktaur captains
  6 rakshasas
  The ghost of Amplified the Victor of a Thousand Battles, a journeyman DsWr of Okawaru (D:12)
  Erolcha (D:10)
  A merfolk avatar (Lair:6)
  7 hydras
  A spriggan air mage (Depths:3)
  A catoblepas (Lair:3)
  10 centaur warriors
  A two-headed ogre (shapeshifter) (Vaults:3)
  28 dancing weapons
  3 tengu warriors
  37 two-headed ogres
  12 ogre magi
  5 deep troll shamans
  8 deep troll earth magi
  5 vampire magi
  5 spriggan berserkers
  A hell hog (Volcano)
  16 deep elf knights
  Nergalle (D:10)
  A sun demon (Depths:2)
  2 soul eaters (Depths:2)
  Sonja (Lair:3)
  5 skeletal warriors (D:14)
  An iron troll (Depths:3)
  A fire crab (Volcano)
  10 hell knights
  3 shadow wraiths
  4 wizards
  A deep troll (shapeshifter) (D:14)
  19 deep trolls
  2 flayed ghosts
  13 unseen horrors
  A shadow demon (Depths:2)
  A sea snake (Lair:6)
  A glowing orange brain (Vaults:2)
  2 tengu zombies
  10 deep elf archers
  13 ironbrand convokers
  5 necromancers
  A harpy (shapeshifter) (Vaults:3)
  3 phantasmal warriors
  An obsidian statue (Depths:2)
  A mana viper (shapeshifter) (Depths:1)
  22 orb spiders
  16 orc knights
  2 harpies (D:12)
  A wolf spider zombie (D:12)
  An orb spider (shapeshifter) (D:13)
  A shining eye (shapeshifter) (Depths:3)
  30 wolf spiders
  28 ugly things
  A cyclops (shapeshifter) (Depths:3)
  3 manticores
  49 deep elf magi
  An orc sorcerer (Orc:2)
  7 cyclopes
  7 moths of wrath
  8 elephants (Lair:6)
  12 vault sentinels
  3 centaur zombies
  A molten gargoyle (Volcano)
  Joseph (D:8)
  2 black mambas (shapeshifter)
  3 black mambas
  2 orange demons (Depths:2)
  7 torpor snails
  3 gargoyles
  12 spiny frogs
  A rime drake (shapeshifter) (Vaults:1)
  A human zombie (Vaults:4)
  3 rime drakes (Lair:6)
  2 efreet (D:15)
  8 demonic crawlers
  8 freezing wraiths
  38 yaktaurs
  17 komodo dragons
  An ice devil (Depths:2)
  3 red devils (Depths:2)
  6 hornets
  A meliai (shapeshifter) (Vaults:3)
  3 tengu conjurers
  3 meliai (Spider:3)
  A queen bee (shapeshifter) (Vaults:2)
  25 jumping spiders
  13 tyrant leeches (Spider:3)
  2 hornets (shapeshifter)
  4 trolls
  2 polar bears (Lair:6)
  8 hippogriffs
  8 blink frogs (Lair:1)
  7 slime creatures
  A deep troll zombie (Depths:1)
  2 air elementals (Elf:2)
  85 redbacks
  3 shadows
  29 tarantellas
  2 water elementals
  6 wraiths
  10 fire bats (Volcano)
  7 wyverns
  49 yaks
  8 basilisks
  4 vampires
  6 vampire mosquitoes
  A fire bat (shapeshifter) (Depths:1)
  2 hungry ghosts (D:7)
  2 steam dragons (Volcano)
  2 human simulacra
  2 soldier ants
  6 acid dragons
  7 wargs
  2 swamp worms (Spider:3)
  16 water moccasins
  2 hell hounds (Volcano)
  2 floating eyes (Depths:3)
  12 porcupines
  A swamp drake (D:11)
  A floating eye (shapeshifter) (D:14)
  4 sky beasts
  A hornet zombie (D:15)
  28 orc warriors
  3 black bears
  4 ice beasts
  48 ogres
  2 phantoms
  2 eyes of draining (shapeshifter)
  2 ettin simulacra
  3 boggarts (Depths:2)
  16 centaurs
  A crocodile (shapeshifter) (Depths:3)
  18 crocodiles
  4 big kobolds
  19 bullfrogs
  Blork the orc (D:6)
  A wyvern zombie (D:14)
  2 earth elementals (Elf:1)
  A wyvern skeleton (D:7)
  4 scorpions
  18 killer bees
  10 wights
  An electric eel (Spider:4)
  5 howler monkeys
  13 crimson imps
  5 hounds
  4 lava snakes (Volcano)
  A bullfrog zombie (D:13)
  28 orc priests
  A gnoll shaman (Orc:2)
  2 jellies
  4 centaur skeletons
  5 iron imps (Depths:2)
  24 orc wizards
  5 iguanas
  Terence (D:3)
  13 worker ants
  A hound zombie (D:5)
  A hound skeleton (D:7)
  A howler monkey skeleton (D:4)
  8 gnolls
  8 adders
  9 shadow imps
  4 white imps (Depths:2)
  An adder skeleton (D:5)
  5 worms
  3 dart slugs
  8 leopard geckos
  101 orcs
  6 giant cockroaches
  5 goblins
  5 hobgoblins
  8 jackals
  4 bats
  6 frilled lizards
  A jackal skeleton (D:8)
  26 kobolds
  A leopard gecko skeleton (D:2)
  A quokka skeleton (D:8)
  A quokka zombie (D:8)
  9 rats
  4 crawling corpses (Elf:1)
  10 fungi
  12 plants
  2 toadstools (D:1)
1656 creatures vanquished.

Vanquished Creatures (collateral kills)
  An unseen horror (Depths:1)
1 creature vanquished.

Vanquished Creatures (others)
  A centaur warrior (Depths:1)
  A wolf spider zombie (D:15)
  A deep elf archer (Elf:2)
  2 deep elf magi
  A manticore (Lair:3)
  10 yaktaurs
  A tengu conjurer (Depths:1)
  An eye of draining (D:15)
  2 centaurs
  2 orcs (Orc:2)
  14 fungi
  29 plants
  7 toadstools
72 creatures vanquished.

Grand Total: 1729 creatures vanquished

Notes
Turn   | Place    | Note
-------+----------+-------------------------------------------
     0 | D:1      | GrandCleric the Minotaur Fighter began the quest for the
                  | Orb.
     0 | D:1      | Reached XP level 1. HP: 19/19 MP: 0/0
   186 | D:1      | Reached skill level 4 in Fighting
   235 | D:1      | Reached XP level 2. HP: 27/27 MP: 1/1
   684 | D:2      | Reached skill level 6 in Fighting
   684 | D:2      | Reached XP level 3. HP: 9/38 MP: 2/2
  1099 | D:2      | Reached XP level 4. HP: 40/45 MP: 3/3
  1104 | D:2      | Reached skill level 9 in Fighting
  1104 | D:2      | Reached skill level 10 in Axes
  1104 | D:2      | Reached XP level 5. HP: 53/58 MP: 4/4
  1402 | D:2      | Found a white marble altar of Elyvilon.
  1629 | D:3      | Noticed Terence
  1635 | D:3      | Killed Terence
  1728 | D:3      | Noticed a two-headed ogre
  1942 | D:3      | Killed a two-headed ogre
  1942 | D:3      | Reached XP level 6. HP: 26/66 MP: 5/5
  1942 | D:3      | Reached XP level 7. HP: 28/71 MP: 6/6
  2683 | D:4      | Found a staircase to the Ecumenical Temple.
  2712 | Temple   | Entered the Ecumenical Temple
  2937 | Temple   | Became a worshipper of Warmaster Okawaru
  3100 | D:4      | Reached XP level 8. HP: 74/79 MP: 7/7
  3414 | D:5      | Entered Level 5 of the Dungeon
  3435 | D:5      | Reached skill level 10 in Fighting
  3738 | D:5      | Reached * piety under Okawaru
  4181 | D:5      | Found a bloodstained altar of Trog.
  4265 | D:6      | Found a hazy altar of Hepliaklqana.
  4463 | D:6      | Noticed Blork the orc
  4473 | D:6      | Killed Blork the orc
  4473 | D:6      | Reached skill level 10 in Shields
  5093 | D:7      | Reached ** piety under Okawaru
  5093 | D:7      | Reached XP level 9. HP: 85/85 MP: 5/8
  5136 | D:7      | Found an ornate altar of the Wu Jian Council.
  5459 | D:7      | Found Ciumeki's Food Shoppe.
  5939 | D:8      | Noticed Joseph
  5947 | D:8      | Killed Joseph
  5947 | D:8      | Reached *** piety under Okawaru
  6143 | D:8      | Noticed a manticore
  6151 | D:8      | Killed a manticore
  6151 | D:8      | Reached XP level 10. HP: 72/94 MP: 6/9
  6708 | D:8      | Found a stormy altar of Qazlal.
  6731 | D:8      | Found a burning altar of Makhleb.
  6732 | D:8      | Found a shimmering altar of Xom.
  6956 | D:8      | Reached **** piety under Okawaru
  7116 | D:9      | Got a transparent whip
  7127 | D:9      | Identified the +9 whip "Azass" {holy, *Rage rC+ Int+2
                  | Dex+5} (You found it on level 9 of the Dungeon)
  7428 | D:10     | Entered Level 10 of the Dungeon
  7443 | D:10     | Noticed Erolcha
  7654 | D:10     | Noticed Nergalle
  7665 | D:10     | Killed Nergalle
  7679 | D:10     | Found Umnuihid's Changing Room.
  7683 | D:10     | Noticed Josephine
  7710 | D:10     | Killed Josephine
  7710 | D:10     | Reached ***** piety under Okawaru
  7904 | D:10     | Noticed a two-headed ogre
  8090 | D:11     | Reached skill level 1 in Invocations
  8090 | D:11     | Reached XP level 11. HP: 101/101 MP: 10/10
  8102 | D:11     | Found a staircase to the Lair.
  8104 | D:11     | Received a gift from Okawaru
  8115 | D:11     | Reached skill level 15 in Axes
  8119 | D:11     | Reached skill level 11 in Fighting
  8390 | D:11     | Killed an unseen horror
  8523 | D:11     | Found a staircase to the Orcish Mines.
  9072 | D:10     | Noticed Snorg
  9080 | D:10     | Killed Snorg
  9128 | D:10     | Killed an unseen horror
  9299 | D:10     | Killed Erolcha
  9497 | D:10     | Killed a two-headed ogre
 10220 | Lair:1   | Entered Level 1 of the Lair of Beasts
 10337 | Lair:1   | Noticed a five-headed hydra
 10347 | Lair:1   | Killed a ten-headed hydra
 10347 | Lair:1   | Reached XP level 12. HP: 97/112 MP: 4/12
 10448 | Lair:1   | Noticed an eight-headed hydra
 10462 | Lair:1   | Killed a 13-headed hydra
 10462 | Lair:1   | Received a gift from Okawaru
 10599 | Lair:1   | Reached skill level 12 in Fighting
 11069 | Lair:1   | Received a gift from Okawaru
 11168 | Lair:2   | Noticed a seven-headed hydra
 11554 | Lair:2   | Killed a ten-headed hydra
 12214 | Lair:3   | Found a staircase to the Shoals.
 12224 | Lair:3   | Received a gift from Okawaru
 12232 | Lair:3   | Got an ancient broad axe {god gift}
 12238 | Lair:3   | Identified the +9 broad axe of Siehux {chop, *Noise rPois
                  | rC+ Int+4 Dex+4} (Okawaru gifted it to you on level 3 of
                  | the Lair of Beasts)
 12269 | Lair:3   | Found a hole to the Spider Nest.
 12269 | Lair:3   | Noticed a five-headed hydra
 12274 | Lair:3   | Killed a seven-headed hydra
 12325 | Lair:3   | Noticed a catoblepas
 12334 | Lair:3   | Killed a catoblepas
 12336 | Lair:3   | Reached skill level 15 in Shields
 12541 | Lair:3   | Reached XP level 13. HP: 113/119 MP: 13/13
 12546 | Lair:3   | Reached skill level 13 in Fighting
 12686 | Lair:3   | Noticed Sonja
 12693 | Lair:3   | Killed Sonja
 13908 | Lair:4   | Found a snail-covered altar of Cheibriados.
 14204 | Lair:5   | Reached ****** piety under Okawaru
 14204 | Lair:5   | Received a gift from Okawaru
 14209 | Lair:5   | Got a crude broad axe {god gift}
 14210 | Lair:5   | Identified the +1 broad axe of the Ageless Blessings
                  | {flame, MR+ MP-9 Str+2 Dex+4} (Okawaru gifted it to you on
                  | level 5 of the Lair of Beasts)
 14480 | Lair:5   | Found a viscous altar of Jiyva.
 14480 | Lair:5   | Found a staircase to the Slime Pits.
 15444 | Lair:6   | Entered Level 6 of the Lair of Beasts
 15464 | Lair:6   | Reached skill level 14 in Fighting
 15499 | Lair:6   | Found a dark tunnel.
 15506 | Volcano  | Entered a volcano
 15695 | Volcano  | Reached skill level 5 in Armour
 15769 | Volcano  | Found a radiant altar of Vehumet.
 16088 | Volcano  | Received a gift from Okawaru
 16404 | Lair:6   | Noticed a dire elephant
 16417 | Lair:6   | Killed a dire elephant
 16417 | Lair:6   | Reached XP level 14. HP: 130/133 MP: 6/14
 16581 | Lair:6   | Reached skill level 15 in Fighting
 16583 | Lair:6   | Received a gift from Okawaru
 17555 | Orc:1    | Entered Level 1 of the Orcish Mines
 17654 | Orc:2    | Entered Level 2 of the Orcish Mines
 17824 | Orc:2    | Noticed an orc warlord
 17884 | Orc:2    | Killed an orc warlord
 18133 | Orc:2    | Reached skill level 10 in Armour
 18150 | Orc:2    | Found a staircase to the Elven Halls.
 18454 | Orc:2    | Noticed an orc warlord
 18465 | Orc:2    | Killed an orc warlord
 18465 | Orc:2    | Reached skill level 16 in Fighting
 18492 | Orc:2    | Noticed an orc warlord
 18499 | Orc:2    | Killed an orc warlord
 18847 | Orc:2    | Received a gift from Okawaru
 18896 | Orc:2    | Found Diekiseq's Assorted Antiques.
 18896 | Orc:2    | Found Hunlops's Assorted Antiques.
 18896 | Orc:2    | Found Fidamebi's Food Boutique.
 18896 | Orc:2    | Found Desoas's Armour Shoppe.
 18925 | Orc:2    | Bought a pitted scale mail for 225 gold pieces
 18935 | Orc:2    | Identified the cursed +0 scale mail "Kasatrew" {Str+9} (You
                  | bought it in a shop on level 2 of the Orcish Mines)
 19344 | D:12     | Reached skill level 17 in Fighting
 19344 | D:12     | Reached XP level 15. HP: 147/147 MP: 12/15
 19453 | D:12     | Found a transporter.
 19470 | D:12     | Noticed Amplified's ghost (journeyman DsWr)
 19482 | D:12     | Found a transporter.
 20088 | D:12     | Found a portal to a secret trove of treasure.
 20165 | D:12     | Killed Amplified's ghost
 20165 | D:12     | Received a gift from Okawaru
 20193 | D:12     | Got a brightly glowing zirconium amulet
 20218 | D:12     | Identified the amulet "Piolohas" {*Drain Regen+ Str+9 SInv
                  | Stlth+} (You found it on level 12 of the Dungeon)
 21024 | D:14     | Reached skill level 18 in Fighting
 21027 | D:14     | Found a gate to the Vaults.
 21481 | D:14     | Received a gift from Okawaru
 21528 | D:14     | Found a glowing golden altar of the Shining One.
 21881 | D:15     | Entered Level 15 of the Dungeon
 21881 | D:15     | Found a burning altar of Makhleb.
 22187 | D:15     | Found a staircase to the Depths.
 22545 | D:15     | Identified 4 scrolls of acquirement
 22890 | D:15     | Reached skill level 15 in Armour
 22899 | D:15     | Reached XP level 16. HP: 159/159 MP: 14/16
 23253 | Spider:1 | Entered Level 1 of the Spider Nest
 23335 | Spider:1 | Received a gift from Okawaru
 23338 | Spider:1 | Got a distressingly furry ring mail {god gift}
 23344 | Spider:1 | Got a translucent buckler
 23359 | Spider:1 | Identified the +0 buckler of the Orb {rPois} (You acquired
                  | it on level 1 of the Spider Nest)
 23371 | Spider:1 | Got a brightly glowing granite ring
 23373 | Spider:1 | Identified the ring of Zetobor {rC++ MR- EV+4 Dex+4} (You
                  | acquired it on level 1 of the Spider Nest)
 23388 | Spider:1 | Identified the +2 ring mail of Noweet {rC+ MR+} (Okawaru
                  | gifted it to you on level 1 of the Spider Nest)
 23405 | Spider:1 | Got a steaming shield
 23416 | Spider:1 | Identified the +0 shield of Liberalism {MP+9 Int+3 Dex-4}
                  | (You acquired it on level 1 of the Spider Nest)
 23437 | Spider:1 | Got a fine jade ring
 23441 | Spider:1 | Identified the ring of Toferal {rPois MP+9 Str+2 Int+6
                  | Dex-4} (You acquired it on level 1 of the Spider Nest)
 24032 | Spider:2 | Reached skill level 19 in Fighting
 24824 | Spider:2 | Noticed Donald
 24833 | Spider:2 | Killed Donald
 24863 | Spider:2 | Noticed Arachne
 24879 | Spider:2 | Killed Arachne
 25601 | Spider:3 | Received a gift from Okawaru
 25615 | Spider:3 | Got a fine arbalest {god gift}
 25622 | Spider:3 | Identified the +8 arbalest of Docuant {velocity, rN+}
                  | (Okawaru gifted it to you on level 3 of the Spider Nest)
 26127 | Spider:3 | Noticed Jorgrun
 26138 | Spider:3 | Reached skill level 20 in Fighting
 26139 | Spider:3 | Killed Jorgrun
 26382 | Spider:3 | Received a gift from Okawaru
 26385 | Spider:3 | Got a bloodstained falchion {god gift}
 26386 | Spider:3 | Identified the +2 falchion of Uracuc {protect, rF+ rC+}
                  | (Okawaru gifted it to you on level 3 of the Spider Nest)
 26959 | Spider:3 | Got a brightly glowing copper ring
 27181 | Spider:4 | Entered Level 4 of the Spider Nest
 27203 | Spider:3 | Reached XP level 17. HP: 82/171 MP: 17/17
 28027 | Spider:4 | Received a gift from Okawaru
 28031 | Spider:4 | Identified Roxanne's Catalogue of Moulding
 28031 | Spider:4 | Noticed Roxanne
 28053 | Spider:4 | Killed Roxanne
 28153 | Spider:4 | Identified the ring of the Garden {*Slow rElec rPois Int+4
                  | Dex+6} (You found it on level 3 of the Spider Nest)
 28438 | Spider:4 | Reached skill level 21 in Fighting
 28607 | Spider:4 | Received a gift from Okawaru
 29542 | Spider:4 | Got a gossamer rune of Zot
 29824 | Vaults:1 | Entered Level 1 of the Vaults
 30608 | Vaults:1 | Got a bloodstained hand axe
 30609 | Vaults:1 | Identified the +1 hand axe "Xeuts" {drain, Fragile Dex+4
                  | Stlth+} (You found it on level 1 of the Vaults)
 30749 | Vaults:1 | Found a runed translucent gate.
 30749 | Vaults:1 | Found a runed translucent gate.
 30749 | Vaults:1 | Found a runed translucent gate.
 30750 | Vaults:1 | Noticed jlumianski's ghost (veteran KoBe)
 30786 | Vaults:1 | Found a sacrificial altar of Ru.
 30786 | Vaults:1 | Identified the ring "Zuwave" {Wiz rElec rF+ Int+3}
 30836 | Vaults:1 | You fall into a shaft and drop 1 floor!
 30899 | Vaults:1 | Received a gift from Okawaru
 30899 | Vaults:1 | Reached XP level 18. HP: 164/184 MP: 16/18
 30928 | Vaults:1 | Reached skill level 22 in Fighting
 30993 | Vaults:1 | Got a twisted hand axe {god gift}
 31280 | Vaults:1 | Identified the +8 hand axe "Usolada" {chop, Int+3} (Okawaru
                  | gifted it to you on level 1 of the Vaults)
 31319 | Vaults:1 | Found Jefapul's Armour Shop.
 31338 | Vaults:1 | Found Rociawn's Food Emporium.
 32084 | Vaults:2 | Received a gift from Okawaru
 32087 | Vaults:2 | Noticed Jory
 32089 | Vaults:2 | Paralysed by a sphinx for 5 turns
 32100 | Vaults:2 | Killed Jory
 32100 | Vaults:2 | Reached skill level 5 in Invocations
 32691 | Vaults:2 | Found a staircase to the Crypt.
 33125 | Vaults:2 | Noticed a tentacled monstrosity
 33128 | Vaults:2 | Paralysed by a great orb of eyes for 2 turns
 33138 | Vaults:2 | Killed a tentacled monstrosity
 33152 | Vaults:2 | Noticed Sojobo
 33181 | Vaults:2 | Killed Sojobo
 33181 | Vaults:2 | Received a gift from Okawaru
 33185 | Vaults:2 | Got a warped ring mail {god gift}
 33188 | Vaults:2 | Identified the +3 ring mail of the Old World {rC+ MP+9
                  | Str+4} (Okawaru gifted it to you on level 2 of the Vaults)
 33428 | Vaults:2 | Reached skill level 23 in Fighting
 34044 | Vaults:2 | Noticed Anosyof's ghost (adept CeHu)
 34061 | Vaults:2 | Found a runed translucent gate.
 34061 | Vaults:2 | Found a runed translucent gate.
 34061 | Vaults:2 | Found a runed translucent gate.
 34092 | Vaults:2 | Reached XP level 19. HP: 140/195 MP: 16/23
 34096 | Vaults:2 | Killed Anosyof's ghost
 34351 | Vaults:2 | Got a coiled jade ring
 34357 | Vaults:2 | Identified the ring of Hodghen {-Tele rElec rF+ rC+ Int+3}
                  | (You found it on level 2 of the Vaults)
 34894 | Vaults:3 | Found Selacah's Distillery.
 34903 | Vaults:3 | Bought a potion of heal wounds for 70 gold pieces
 34903 | Vaults:3 | Bought 2 potions of haste for 280 gold pieces
 34903 | Vaults:3 | Bought a potion of heal wounds for 70 gold pieces
 34903 | Vaults:3 | Bought a potion of curing for 42 gold pieces
 34903 | Vaults:3 | Bought a potion of heal wounds for 70 gold pieces
 34903 | Vaults:3 | Bought a potion of might for 56 gold pieces
 35096 | Vaults:3 | Noticed Bai Suzhen
 35110 | Vaults:3 | Killed Bai Suzhen
 35271 | Vaults:3 | Reached skill level 24 in Fighting
 35645 | Vaults:3 | Received a gift from Okawaru
 35993 | Vaults:3 | Noticed Xtahua
 35994 | Vaults:3 | Paralysed by Xtahua for 2 turns
 36003 | Vaults:3 | Killed Xtahua
 36520 | Vaults:4 | Reached skill level 25 in Fighting
 36830 | Vaults:4 | Noticed a lich
 36840 | Vaults:4 | Killed a lich
 37211 | Vaults:4 | Received a gift from Okawaru
 37493 | Vaults:4 | Found a basalt altar of Yredelemnul.
 37515 | Vaults:4 | Reached XP level 20. HP: 197/210 MP: 24/24
 38486 | Vaults:1 | Received a gift from Okawaru
 38513 | Vaults:1 | Killed jlumianski's ghost
 38763 | Elf:1    | Entered Level 1 of the Elven Halls
 38811 | Elf:1    | Found a portal to a secret trove of treasure.
 39073 | Elf:1    | Received a gift from Okawaru
 39212 | Elf:1    | Gained mutation: Your body sometimes deteriorates upon
                  | taking damage. [a neqoxec]
 39789 | Elf:2    | Found Qecvanirr's Magic Scroll Emporium.
 39805 | Elf:2    | Bought a scroll of identify for 40 gold pieces
 39805 | Elf:2    | Bought a scroll of identify for 40 gold pieces
 39805 | Elf:2    | Bought a scroll of identify for 40 gold pieces
 39805 | Elf:2    | Bought a scroll of blinking for 150 gold pieces
 39805 | Elf:2    | Bought a scroll of teleportation for 60 gold pieces
 39805 | Elf:2    | Bought 3 scrolls of remove curse for 180 gold pieces
 39805 | Elf:2    | Bought a scroll of identify for 40 gold pieces
 39881 | Elf:2    | Received a gift from Okawaru
 40163 | Elf:2    | Got a blackened war axe {god gift}
 40164 | Elf:2    | Identified the +3 war axe of Dail {venom, *Slow Str+4
                  | Dex+3} (Okawaru gifted it to you on level 2 of the Elven
                  | Halls)
 40199 | Elf:2    | Reached skill level 1 in Evocations
 40206 | Elf:2    | Found a runed translucent gate.
 40206 | Elf:2    | Found a runed translucent gate.
 40206 | Elf:2    | Found a runed translucent gate.
 40532 | Elf:2    | Reached skill level 5 in Evocations
 40968 | Depths:1 | Entered Level 1 of the Depths
 40992 | Depths:1 | Reached XP level 21. HP: 176/217 MP: 20/25
 41014 | Depths:1 | Received a gift from Okawaru
 41364 | Depths:1 | Got a translucent scale mail {god gift}
 41365 | Depths:1 | Identified the +7 scale mail of Leapfrog {rElec} (Okawaru
                  | gifted it to you on level 1 of the Depths)
 41399 | Depths:1 | Found a gateway to Hell.
 42447 | Depths:2 | Noticed a golden dragon
 42447 | Depths:2 | Noticed a juggernaut
 42617 | Depths:2 | Killed a juggernaut
 42617 | Depths:2 | Reached skill level 10 in Evocations
 42621 | Depths:2 | Killed a golden dragon
 42621 | Depths:2 | Received a gift from Okawaru
 43004 | Depths:2 | Found Butsy's Jewellery Shoppe.
 43086 | Depths:2 | Found the +8 demon trident "Rift" {distort, reach+}
 43137 | Depths:2 | Identified the +2 robe of Ciang {rF++ rN+ MR+ Dex-2}
 43518 | Depths:2 | Found Igoso's Gadget Boutique.
 43522 | Depths:2 | Found Duiddaph's Jewellery Shoppe.
 43524 | Depths:2 | Found Haar Hoh's Gadget Boutique.
 43898 | Depths:2 | Paralysed by a wizard for 4 turns
 44607 | Depths:3 | Found a one-way gate leading to the halls of Pandemonium.
 44641 | Depths:3 | Found a shimmering altar of Xom.
 44651 | Depths:3 | Reached XP level 22. HP: 195/226 MP: 30/30
 44663 | Depths:3 | Found a glowing golden altar of the Shining One.
 44664 | Depths:3 | Found a hazy altar of Hepliaklqana.
 44876 | Depths:3 | Received a gift from Okawaru
 45039 | Depths:3 | Gained mutation: You are weak. (Str -2) [a shining eye]
 45366 | Depths:3 | Paralysed by a floating eye for 2 turns
 45530 | Depths:3 | Noticed a golden dragon
 45538 | Depths:3 | Killed a golden dragon
 45701 | Depths:3 | Noticed a golden dragon
 45714 | Depths:3 | Killed a golden dragon
 45714 | Depths:3 | Reached skill level 15 in Evocations
 45836 | Depths:3 | Paralysed by a floating eye for 3 turns
 45983 | Depths:3 | Paralysed by a vampire knight for 7 turns
 45986 | Depths:3 | HP: 9/226 [vampire knight/+1 war axe of distortion (11)]
 45987 | Depths:3 | Slain by a spriggan defender

Levels and vault maps discovered:
D:1:      ldierk_walled_garden_2, layout_loops_cross, corner_web_ring,
          serial_park_tiny_1
D:2:      layout_loops_cross, elyvilon_altar_1, minmay_gold_behind_fungi
D:3:      layout_basic, first_ration, minmay_misc_feat_enclosed,
          kennysheep_generic_room_16, uniq_terence
D:4:      layout_basic, minmay_temple_entry_statues_fountains, st_stairs_1,
          hangedman_decor_opposing
D:5:      layout_basic, bloody_trog
D:6:      layout_basic, nicolae_overflow_crystal_walls,
          kennysheep_generic_room_14, uniq_blork_the_orc
D:7:      layout_gridville, serial_shops, shop_fountains, basic_altar
D:8:      layout_loops_ring, grunt_temple_overflow_champion_of_chaos,
          grunt_qazlal_clouds, hangedman_pestilent_swarm,
          kennysheep_generic_room_10, uniq_joseph
D:9:      layout_rooms, minmay_misc_feat_square
D:10:     layout_basic, minmay_crystal_room, nicolae_transmutations_shop,
          item_on_display_a, uniq_josephine, uniq_erolcha, uniq_snorg,
          uniq_nergalle
D:11:     layout_irregular_city, due_lair_maze_entry_diamond, erik_orc_1,
          minmay_misc_feat_four_crosses, nrook_loot_triangle
D:12:     layout_roguey, nicolae_trove_entry_crossroad,
          gammafunk_ghost_berserking_beasts, st_stairs_5, minivault_27
D:13:     layout_irregular_city
D:14:     layout_loops_cross, skrybe_vaults_entry_preservation,
          nicolae_tso_swordbearing_angel
D:15:     hangedman_depths_entry_civil_slaughter, layout_loops_cross,
          basic_altar, minivault_27, chequers_serial_rivers_room_b
Temple:   nicolae_temple_elliptical
Lair:1:   beast_lair_carwin_large_2, layout_long_grid
Lair:2:   layout_hall_layers
Lair:3:   layout_chaotic_city, minmay_shoals_entry_beasts, dummy_spider_entry,
          minmay_lair_oklob_chamber, uniq_sonja
Lair:4:   layout_cave_shapes, wad_woods_road_03, kennysheep_snail_temple
Lair:5:   layout_layer_cave, dpeg_slime_entry_enclosed_altar
Lair:6:   gammafunk_lair_ancient_temple, layout_loops_ring, enter_volcano_2
Spider:1: layout_spider_delve
Spider:2: layout_chambers, uniq_donald, uniq_arachne
Spider:3: layout_spider_delve, worms_lemuel, uniq_jorgrun
Spider:4: grunt_spider_rune_circles, uniq_roxanne
Orc:1:    layout_diamond_mine, biasface_ghost_orc_armoury,
          david_defended_altar_orc, uniq_harold, uniq_erica
Orc:2:    st_orc_ogre_mass, layout_diamond_mine, minmay_orc_treasury
Elf:1:    eino_elf_arrival_the_gate, layout_geoelf_octagon,
          nicolae_trove_entry_free_sample, hangedman_elven_crosses_minicolossus
Elf:2:    layout_geoelf_diagonals, serial_shops, shop
Vaults:1: gammafunk_vaults_ghost_spectres, st_octagons_1,
          ontoclasm_vaults_bender, dpeg_vaults_monster_box,
          vaults_standard_mumra_enter_the_diamond, vaults_room_ringed_pool,
          vaults_mumra_chevron, v_pattern_2, grunt_vaults_twisty,
          hangedman_vaults_locks, ontoclasm_vaults_pinch,
          nicolae_vaults_yaktaur_gun_rack, layout_vaults_omnicross,
          serial_glass, serial_shops, shop, basic_altar
Vaults:2: gammafunk_vaults_ghost_split, nicolae_vaults_theta,
          hangedman_vaults_slice, minmay_crypt_entry_vampire_xt,
          nicolae_vaults_little_squares_5, vaults_room_hangedman_quadrants,
          nicolae_vaults_what_the_h, layout_vaults_quadrants, uniq_jory,
          uniq_sojobo
Vaults:3: vaults_room_grunt_arrival_checkpoint, v_misc_17, v_misc_27,
          ontoclasm_vaults_ring_large, ontoclasm_vaults_gateway,
          grunt_vaults_hallway_long, v_misc_22, ontoclasm_vaults_ring_large,
          hangedman_vaults_impose, v_misc_13, v_pattern_4,
          nicolae_vaults_little_squares_4, vaults_dpeg_encased_lava,
          layout_vaults_chaotic_city, serial_shops, nicolae_shop_stone,
          uniq_bai_suzhen, uniq_xtahua
Vaults:4: v_alt_pattern_1, nicolae_vaults_quadrants, vaults_dpeg_hooks,
          ontoclasm_vaults_fault, nicolae_vaults_angled_halls,
          nicolae_vaults_little_squares_4, hangedman_vaults_variations,
          v_misc_11, v_rooms_4, ontoclasm_vaults_ring_small,
          ontoclasm_vaults_eye, nicolae_vaults_shelves_hall, v_misc_9,
          grunt_vaults_hallway_long, v_misc_3, ontoclasm_vaults_twist,
          layout_vaults_maze_bifur, basic_altar
Depths:1: layout_forbidden_donut, hell_entry,
          hangedman_abyss_or_decor_jellyfish_corner, minmay_misc_feat_iff,
          grunt_ministairs_9, minmay_door_square, minivault_1,
          chequers_serial_rivers_small_a, minmay_misc_feat_pillars,
          minmay_misc_feat_alley, solitary_fountain, due_unseen_surprise
Depths:2: minmay_ambush_box, layout_gridlike, serial_shops,
          nicolae_shop_temple_entry_statues_fountains,
          grunt_hell_entry_demonic_statue, minmay_shop_grove
Depths:3: hangedman_slaughterboxes, hell_entry, pan_entry

Skill      XL: |  1  2  3  4  5  6  7  8  9 10 11 12 13 14 15 16 17 18 19 20 21 22 |
---------------+-------------------------------------------------------------------+-----
Fighting       | 4 6 9 10 11 12 14 17 18 20 21 23 25 | 25.0
Axes           | 8 10 11 12 13 14 16 17 18 | 18.3
Shields        | 6 9 10 11 12 15 16 20 | 20.3
Invocations    | 1 7 |  7.5
Armour         | 7 11 15 17 19 20 | 20.1
Evocations     | 5 13 15 | 15.4

Action                   |  1- 3 |  4- 6 |  7- 9 | 10-12 | 13-15 | 16-18 | 19-21 | 22-24 || total
-------------------------+-------+-------+-------+-------+-------+-------+-------+-------++-------
Melee: War axe           |    38 |    48 |   255 |   398 |       |       |       |       ||   739
       Headbutt          |     5 |     8 |    41 |   116 |   243 |   289 |   367 |    80 ||  1149
       Broad axe         |       |       |       |    16 |   853 |   949 |  1132 |   231 ||  3181
Invok: Heroism           |       |       |     4 |    15 |    17 |    26 |    22 |     5 ||    89
       Finesse           |       |       |       |     3 |     5 |    11 |    18 |     1 ||    38
Evoke: Box of beasts     |       |       |       |       |       |       |     2 |       ||     2
       Sack of spiders   |       |       |       |       |       |       |     2 |       ||     2
       Wand              |       |       |       |       |       |       |     1 |       ||     1
  Use: Potion            |     1 |     2 |       |       |     3 |    12 |     4 |       ||    22
       Scroll            |       |       |    11 |     7 |    20 |    14 |     7 |     1 ||    60
 Stab: Distracted        |       |       |       |       |     1 |     1 |       |       ||     2
       Held in net/web   |       |       |       |       |       |     3 |       |       ||     3
  Eat: Chunk             |       |     3 |    14 |    17 |    23 |    16 |    12 |     1 ||    86
       Ration            |       |       |       |     1 |     3 |     6 |     6 |     2 ||    18
Armor: Scale mail        |    17 |    16 |    46 |       |       |       |       |       ||    79
       Ring mail         |       |       |     2 |    16 |       |       |       |       ||    18
       Chain mail        |       |       |       |    91 |    34 |       |       |       ||   125
       Plate armour      |       |       |       |       |   165 |   413 |   329 |    21 ||   928
       Crystal plate arm |       |       |       |       |       |       |       |    53 ||    53
       Gold dragon scale |       |       |       |       |       |       |       |    30 ||    30
Dodge: Dodged            |    11 |    16 |    57 |    59 |   110 |   209 |   186 |    39 ||   687
       Deflected         |       |       |       |       |    10 |    15 |    36 |     5 ||    66
Block: Shield            |    23 |    25 |   148 |   272 |   489 |   676 |   637 |   151 ||  2421
       Reflection        |       |       |     1 |    12 |    37 |    50 |    72 |    11 ||   183
       Other             |       |       |       |       |       |     1 |       |       ||     1
